Map: Reclamation LE

Players

DEFENCEGIRLY

  • Race: Terran Terran
  • League: Bronze
  • Spawn Location: 12:00

Lecrinquer

  • Race: Protoss Protoss
  • Spawn Location: 11:00

Severian - Winner!

  • Race: Terran Terran
  • Spawn Location: 5:00

David - Winner!

  • Race: Terran Terran
  • Spawn Location: 6:00

VOD

Have the link to the VOD?

Description

Time

  • Played on: April 11, 2025, 12:06 p.m.
  • Length: 1:00
Show
View Real Time Build Order
Export as new Build Order

DEFENCEGIRLY Terran 

Build Orders:  

Get SALT Encoding   

  12  0:00  SCV  
  13  0:12  SCV  
  14  0:18  Supply Depot  
  14  0:24  SCV  
Show
View Real Time Build Order
Export as new Build Order

Lecrinquer Protoss 

Build Orders:  

Get SALT Encoding   

  12  0:44  Probe  
  13  0:54  Assimilator  
Show
View Real Time Build Order
Export as new Build Order

Severian Terran - Winner!

Build Orders:  

Get SALT Encoding   

  12  0:09  SCV  
  13  0:21  SCV  
  14  0:24  Supply Depot  
  14  0:33  SCV  
  14  0:34  Refinery  
  15  0:38  Refinery  
  15  0:53  Barracks  
Show
View Real Time Build Order
Export as new Build Order

David Terran - Winner!

Build Orders:  

Get SALT Encoding   

  12  0:00  SCV  
  13  0:13  SCV  
  14  0:21  Supply Depot  
  14  0:25  Refinery  
  14  0:29  SCV  
  16  0:42  SCV  
  16  0:49  Barracks  
Tags
 
Add a new tag
Caveats
  • Supply blocks, unpowered buildings, or Contaminate may cause inaccurate times.
  • Supply counts are checked every 10 seconds.